 Dungeon Crawl Stone Soup version 0.32-a0-932-g546787307d (console) character file.

Game seed: 3811215502896521673

1260 Lightli the Toxicologist (level 8, -1/50 HPs)
             Began as an Octopode Alchemist on Apr 20, 2024.
             Was an Initiate of Cheibriados.
             Slain by a phantom (6 damage)
             ... on level 4 of the Dungeon on Apr 21, 2024.
             The game lasted 00:08:12 (5613 turns).

Lightli the Toxicologist (Octopode Alchemist)       Turns: 5613, Time: 00:08:12

Health: -1/50      AC:  1    Str:  8    XL:     8   Next: 52%
Magic:  4/17       EV: 12    Int: 20    God:    Cheibriados [......]
Gold:   217        SH:  0    Dex: 14    Spells: 10/19 levels left

rFire   . . .        d - +2 mace (holy)
rCold   . . .        (no shield)
rNeg    . . .        (helmet restricted)
rPois   +            (no amulet)
rElec   .            b - ring of poison resistance
rCorr   .            (no ring)
SInv    .            (no ring)
Will    .....        (no ring)
Stlth   +++          (no ring)
HPRegen 0.28/turn    (no ring)
MPRegen 0.15/turn    (no ring)
                     (no ring)

%: no passive effects
@: invisible, very slow
A: almost no armour, amphibious, 8 rings, camouflage 1, gelatinous body 1,
(nimble swimmer 1), tentacles
a: Renounce Religion


You were on level 4 of the Dungeon.
You worshipped Cheibriados.
Cheibriados was noncommittal.
You visited 2 branches of the dungeon, and saw 6 of its levels.

You collected 217 gold pieces.

Inventory:

Hand Weapons
 d - a +2 mace of holy wrath (weapon)
Jewellery
 b - a ring of poison resistance (left tentacle)
 c - a ring of ice
Scrolls
 e - a scroll of poison {unknown}
 j - a scroll of vulnerability
 k - a scroll of revelation {unknown}
Potions
 a - 2 potions of magic
 f - a potion of berserk rage {unknown}
 h - a potion of attraction
 i - a potion of enlightenment
 l - a potion of lignification {unknown}


   Skills:
 + Level 2.3 Fighting
 - Level 2.0 Dodging
 - Level 2.6 Stealth
 - Level 6.0 Spellcasting
 - Level 1.0 Conjurations
 - Level 8.8 Alchemy


You had 10 spell levels left.
You knew the following spells:

 Your Spells              Type           Power      Damage    Failure   Level
a - Sting                 Conj/Alch      100%       1d9       1%          1
b - Olgreb's Toxic Radia  Alch           41%        N/A       2%          4
c - Sticky Flame          Fire/Alch      23%        2d6       17%         4

Your spell library contained the following spells:

 Spells                   Type           Power      Damage    Failure   Level
 Mercury Vapours          Alch/Air       46%        N/A       2%          2
 Mephitic Cloud           Conj/Alch/Air  19%        N/A       9%          3
 Sculpt Simulacrum        Ice/Alch       11%        N/A       95%         6
 Haunt                    Necr/Summ      3%         N/A       100%        7
 Ozocubu's Refrigeration  Ice            3%         4d8       100%        7
 Borgnjor's Revivificati  Necr           3%         N/A       100%        8
 Death's Door             Necr           3%         N/A       100%        9
 Polar Vortex             Ice            3%         N/A       100%        9


Dungeon Overview and Level Annotations

Branches:
Dungeon (5/15)             Temple (1/1) D:4

Altars:
Ashenzari
Cheibriados
Dithmenos
Elyvilon
Fedhas
Hepliaklqana
Kikubaaqudgha
Makhleb
Nemelex Xobeh
Okawaru
Qazlal
Ru
Sif Muna
Trog
Uskayaw
Vehumet
Wu Jian
Xom
Yredelemnul
Zin
The Shining One

Shops:
D:5 (


Innate Abilities, Weirdness & Mutations

You cannot wear most types of armour.
You are amphibious.
You can wear up to eight rings at the same time.
Your skin changes colour to match your surroundings (Stealth+).
Your rubbery body absorbs attacks. (AC +1, EV +1)
((You are camouflaged when in or above water. (Stealth+)))
You have tentacles for arms and can constrict up to eight enemies at once.


Message History

You are too injured to fight recklessly!
Unknown command.
You hit the phantom.
The phantom convulses.
The phantom is severely damaged.
The phantom closely misses you.
You miss the phantom. Your squeeze misses the phantom.
The phantom is severely damaged.
The phantom closely misses you.
You barely miss the phantom.
The phantom is severely damaged.
The phantom hits you.
* * * LOW HITPOINT WARNING * * *
The water moccasin bites you!
* * * LOW HITPOINT WARNING * * *
The phantom hits you but does no damage.
The water moccasin closely misses you.
You fade into invisibility!
The water moccasin closely misses you. The phantom completely misses you.
Unknown command.
Press: ? - help, v - describe, . - travel The floor, spattered with blood.
Casting: Sticky Flame (quite dangerous; 17% risk of failure)
Confirm with . or Enter, or press ? or * to list all spells.
The spell is quite dangerous to miscast (17% risk of failure)!
Continue anyway?
Aiming: Sticky Flame (quite dangerous; 17% risk of failure)
Press: ? - help, Shift-Dir - straight line, f/p - water moccasin
Aim: a water moccasin (severely wounded, unable to see you)
The sticky flame hits the water moccasin.
The water moccasin is severely wounded.
The water moccasin burns!
You kill the water moccasin!
Cheibriados thoroughly appreciates the change of pace.
Your Fighting skill gained 2 levels and is now at level 2!
Unknown command.
Unknown command.
You miss the phantom.
The phantom is severely damaged.
The phantom hits you.
You die...
Cheibriados appreciates the motionlessness of death.

......####..[......>..#####.#
.....§...#.............#.#..##
....##.........##............#
.....#..........#...........##
....###.......[...........#.#
.......[.................####
.#....>.......##........##
.#...........##..W....###
................@...^.#
........#..#.##..[....##
........#....###.......##
.............####.....÷.#
.....##..##...##....#.#.##
.......#..#...##...#.....#
.......#.............#.#.##
.............).....###.#..#
.................###...##.##


You could see a phantom (unable to see you).

Vanquished Creatures
  Menkaure (D:4)
  A water moccasin (D:4)
  3 ogres
  3 scorpions
  3 bombardier beetles
  A jelly (D:4)
  4 orc priests (D:4)
  6 iguanas
  4 gnolls (D:3)
  6 adders
  A shadow imp (D:5)
  3 dart slugs
  A ribbon worm (D:2)
  14 orcs
  5 ball pythons
  6 endoplasms
  5 giant cockroaches
  3 goblins (D:1)
  7 hobgoblins
  4 jackals
  6 kobolds
  3 quokkas
  4 bats
  4 frilled lizards
  3 rats
101 creatures vanquished.

Notes
Turn   | Place    | Note
-------+----------+-------------------------------------------
     0 | D:1      | Lightli the Octopode Alchemist began the quest for the Orb.
     0 | D:1      | Reached XP level 1. HP: 11/11 MP: 3/3
   111 | D:1      | Reached XP level 2. HP: 17/17 MP: 0/5
   232 | D:1      | Reached skill level 4 in Alchemy
   819 | D:1      | Reached XP level 3. HP: 21/21 MP: 4/6
  1466 | D:2      | Reached skill level 5 in Alchemy
  1776 | D:3      | Reached XP level 4. HP: 27/27 MP: 3/7
  2047 | D:3      | Learned a level 4 spell: Olgreb's Toxic Radiance
  2067 | D:3      | Reached skill level 6 in Alchemy
  2069 | D:3      | Reached XP level 5. HP: 19/31 MP: 0/8
  2613 | D:3      | Found a faded altar of an unknown god.
  2970 | D:4      | Reached skill level 7 in Alchemy
  2970 | D:4      | Reached XP level 6. HP: 10/36 MP: 0/9
  3331 | D:4      | Noticed Menkaure
  3343 | D:4      | Reached skill level 8 in Alchemy
  3358 | D:4      | Learned a level 4 spell: Sticky Flame
  3596 | D:4      | Killed Menkaure
  3597 | D:4      | Reached XP level 7. HP: 41/41 MP: 3/10
  4245 | D:4      | Found a staircase to the Ecumenical Temple.
  4255 | Temple   | Found a transporter.
  4255 | Temple   | Found a transporter.
  4255 | Temple   | Found a transporter.
  4255 | Temple   | Found a transporter.
  4255 | Temple   | Entered the Ecumenical Temple
  4370 | Temple   | Became a worshipper of Cheibriados the Contemplative
  4579 | D:5      | Entered Level 5 of the Dungeon
  4741 | D:5      | Reached XP level 8. HP: 34/46 MP: 6/14
  4892 | D:5      | Found Zolaisocw's Weapon Emporium.
  5044 | D:5      | Reached skill level 5 in Spellcasting
  5260 | D:5      | Found a stormy altar of Qazlal.
  5268 | D:5      | Found a shimmering altar of Xom.
  5613 | D:4      | Slain by a phantom

Illustrated notes

Levels and vault maps discovered:
D:1:      minmay_arrival_stone_box, layout_basic
D:2:      layout_loops_cross, minmay_worlds_worst_comb
D:3:      layout_basic, basic_ecumenical_altar
D:4:      layout_cave_pools, minmay_temple_entry_slanted, uniq_menkaure
D:5:      layout_cave_pools, mainiacjoe_overflow_big_doors, serial_shops,
          nicolae_shop_waterfront, st_stairs_11
Temple:   hellmonk_temple_divided_pantheon

Skill      XL: |  1  2  3  4  5  6  7  8 |
---------------+-------------------------+-----
Alchemy        | 4 5 6 7 8 |  8.8
Spellcasting   | 4 6 |  6.0
Fighting       | 2 |  2.3
Dodging        | |  2.0
Stealth        | |  2.6
Conjurations   | |  1.0

Action                     |  1- 3 |  4- 6 |  7- 9 || total
---------------------------+-------+-------+-------++-------
  Melee: Unarmed           |    23 |    11 |     1 ||    35
         Constrict         |     6 |     4 |     4 ||    14
         Tentacles         |     4 |     3 |     6 ||    13
         Punch             |       |     1 |       ||     1
         Mace              |       |       |    12 ||    12
   Cast: Sting             |    60 |    51 |    30 ||   141
         Olgreb's Toxic Ra |       |     7 |    21 ||    28
         Sticky Flame      |       |     1 |     2 ||     3
    Use: Potion            |       |     5 |     2 ||     7
         Scroll            |       |     5 |     2 ||     7
 Armour: Skin              |    13 |    14 |    23 ||    50
  Dodge: Dodged            |    19 |    26 |    20 ||    65

Table legend: (Time is in decaauts)
 A = Elapsed time spent in this place.
 B = Non-inter-level travel time spent in this place.
 C = Inter-level travel time spent in this place.
 D = Time resting spent in this place.
 E = Time spent auto-exploring this place.
 F = Levels seen in this place.
 G = Mean time per level.
                   A        B        C        D        E       F      G
               +--------+--------+--------+--------+--------+-----+--------+
         Total |   5753 |   5492 |    261 |    605 |   4101 |   6 |  958.8 |
       Dungeon |   5613 |   5375 |    238 |    605 |   4019 |   5 | 1122.6 |
        Temple |    140 |    117 |     23 |      0 |     82 |   1 |  140.0 |
               +--------+--------+--------+--------+--------+-----+--------+

Top non-repeatable levels by time:
     D:3: 1396 daAuts
     D:4: 1395 daAuts
     D:5: 1049 daAuts
     D:1: 972 daAuts
     D:2: 799 daAuts
  Temple: 140 daAuts
